 Dungeon Crawl Stone Soup version 0.22.0-75-g3901e79 (webtiles) character file.

2496 whitewolfNL the Firebug (level 9, 0/52 HPs)
             Began as a Gargoyle Fire Elementalist on Sept 11, 2018.
             Was an Initiate of Vehumet.
             Slain by trianova's ghost (3 damage)
             ... on level 6 of the Dungeon.
             The game lasted 02:03:10 (12771 turns).

whitewolfNL the Firebug (GrFE)                     Turns: 12771, Time: 02:03:11

Health: 0/52       AC: 13    Str: 12    XL:     9   Next: 52%
Magic:  17/18      EV: 10    Int: 18    God:    Vehumet [......]
Gold:   434        SH:  0    Dex: 11    Spells: 5/20 levels left

rFire    + + .     SeeInvis .   G - +1 halberd (flame)
rCold    x . .     Gourm    .   (shield currently unavailable)
rNeg     + . .     Faith    .   K - +0 scale mail {rF+}
rPois    ∞         Spirit   .   (no helmet)
rElec    +         Reflect  .   v - +0 cloak
rCorr    .         Harm     .   (no gloves)
MR       .....                  (no boots)
Stlth    +.........             (no amulet)
HPRegen  0.17/turn              F - ring of fire
MPRegen  0.16/turn              I - ring of flight

@: very slightly contaminated, invisible
A: negative energy resistance 1, electricity resistance, unbreathing,
petrification resistance, rot immunity, AC +6
a: Renounce Religion, Evoke Flight


You were on level 6 of the Dungeon.
You worshipped Vehumet.
Vehumet was noncommittal.
You were not hungry.

You visited 1 branch of the dungeon, and saw 7 of its levels.

You collected 434 gold pieces.

Inventory:

Hand Weapons
 k - a +1 whip of freezing
 r - a +0 giant spiked club
 w - a +2 vampiric short sword
 y - a +0 shortbow
 E - a +1 mace of protection
 G - a +1 halberd of flaming (weapon)
 J - a +2 flail of protection
 L - a +0 dagger of holy wrath
 O - a cursed -2 war axe
Missiles
 a - 21 bolts
 b - 74 sling bullets
 g - 120 arrows
 i - 152 stones (quivered)
 t - 29 poisoned needles
Armour
 h - a +0 animal skin
 l - a +2 robe of cold resistance
 v - a +0 cloak (worn)
 K - a +0 scale mail of fire resistance (worn)
 N - a +0 plate armour
Jewellery
 F - a ring of fire (left hand)
 I - a ring of flight (right hand)
Scrolls
 d - a scroll of fog {unknown}
 e - 2 scrolls of amnesia
 j - a scroll of enchant armour {unknown}
 m - a scroll of noise {unknown}
 o - 4 scrolls of remove curse
 u - a scroll of immolation {unknown}
 x - 2 scrolls of magic mapping {unknown}
 B - a scroll of identify
Potions
 f - a potion of ambrosia {unknown}
 n - a potion of cancellation {unknown}
 p - a potion of degeneration
 q - a potion of flight {unknown}
 z - a potion of might {unknown}
 C - 3 potions of heal wounds
 D - 2 potions of invisibility
 M - a potion of curing {unknown}
Comestibles
 c - 3 rations


   Skills:
 * Level 4.6 Fighting
 - Level 0.3 Polearms
 - Level 0.2 Armour
 + Level 3.6 Dodging
 + Level 3.7 Stealth
 + Level 6.1 Spellcasting
 + Level 5.9 Conjurations
 * Level 7.2 Fire Magic


You had 5 spell levels left.
You knew the following spells:

 Your Spells              Type           Power        Failure   Level  Hunger
a - Flame Tongue          Conj/Fire      #####        4%          1    None
b - Conjure Flame         Conj/Fire      #####...     13%         3    ##.....
c - Throw Flame           Conj/Fire      #####.       7%          2    None
d - Sticky Flame          Conj/Fire      #####...     41%         4    ####...
e - Fireball              Conj/Fire      #####.....   77%         5    #####..

Your spell library contained the following spells:

 Spells                   Type           Power        Failure   Level  Hunger
 Inner Flame              Hex/Fire       ####....     41%         3    ##.....
 Beastly Appendage        Tmut           #.....       54%         1    None
 Sticks to Snakes         Tmut           #.......     69%         2    None
 Spider Form              Tmut/Pois      #.........   89%         3    ##.....
 Ice Form                 Ice/Tmut       #.......     100%        4    ####...
 Blade Hands              Tmut           #.........   100%        5    #####..


Dungeon Overview and Level Annotations

Branches:
Dungeon (7/15)
 Temple: D:4-7

Altars:
Cheibriados
Makhleb
Ru
Vehumet
Wu Jian
Yredelemnul
Zin
The Shining One

Annotations:
D:3 1 runed door
D:6 trianova's ghost, novice DDFi


Innate Abilities, Weirdness & Mutations

You are resistant to torment.
Your stone body is resilient. (AC +6)
You are immune to poison.
You resist negative energy. (rN+)
You are resistant to electric shocks. (rElec)
You can survive without breathing.
You are immune to petrification.
You are immune to rotting.


Message History

The bullfrog hits you but does no damage.
Trianova's ghost hits you.
* * * LOW HITPOINT WARNING * * *
Casting: Flame Tongue (safe; 4% risk of failure)
Confirm with . or Enter, or press ? or * to list all spells.
Aiming: Flame Tongue (safe; 4% risk of failure)
Press: ? - help, Shift-Dir - straight line, f/p - bullfrog
Aim: a bullfrog (almost dead)
You feel a surge of power!
The flame tongue hits the bullfrog.
You kill the bullfrog!
Vehumet accepts your kill.
Trianova's ghost screams, "Don't try to defend!
You have no chance!"
Trianova's ghost hits you.
* * * LOW HITPOINT WARNING * * *
Trianova's ghost says, "In life, I might have healed you instead."
You fade into invisibility!
You are very lightly contaminated with residual magic.
Trianova's ghost screams, "What do you have that I didn't have?"
Trianova's ghost hits you.
You die...

########
##....#........##
#......#
#....#.........#
#......##
##..#.†........#
#..>...#
####..........#
##.....## #...........#
##.....# #...........#
##....## ##..........##
###...#####..........##
##..##....@W.......#
#.....###........##
#.....##### ##.......#
..##### ##...#### ##..#
##.# #.# #.# #..


You could see trianova's ghost.

Vanquished Creatures
  Pikel (D:4)
  Menkaure (D:5)
  Edmund (D:6)
  A necrophage (D:5)
  3 ogres
  3 centaurs
  5 bullfrogs
  2 scorpions (D:6)
  A howler monkey (D:4)
  5 crimson imps
  A hound (D:4)
  2 orc priests
  4 orc wizards
  An iguana (D:3)
  5 worker ants
  3 howler monkey skeletons
  2 worker ant zombies (D:5)
  4 gnolls
  9 adders
  A shadow imp (D:5)
  An ooze (D:3)
  An adder zombie (D:5)
  A dart slug (D:3)
  4 leopard geckos
  14 orcs
  4 giant cockroaches
  7 goblins
  10 hobgoblins
  17 jackals
  6 kobolds
  6 bats
  2 frilled lizards
  A jackal skeleton (D:5)
  A quokka skeleton (D:6)
  10 rats
  A fungus (D:3)
141 creatures vanquished.

Vanquished Creatures (others)
  A slave (D:4)
  An orc priest (D:4)
  An adder skeleton (D:4)
  2 orcs (D:4)
  A bat (D:2)
  4 fungi (D:3)
10 creatures vanquished.

Grand Total: 151 creatures vanquished

Notes
Turn   | Place    | Note
-------+----------+-------------------------------------------
     0 | D:1      | whitewolfNL the Gargoyle Fire Elementalist began the quest
                  | for the Orb.
     0 | D:1      | Reached XP level 1. HP: 10/10 MP: 3/3
   322 | D:1      | Reached XP level 2. HP: 13/15 MP: 1/5
  1384 | D:2      | Found a sacrificial altar of Ru.
  1454 | D:2      | Reached XP level 3. HP: 19/19 MP: 4/6
  1534 | D:2      | Found an ornate altar of the Wu Jian Council.
  1918 | D:2      | Learned a level 3 spell: Conjure Flame
  1922 | D:2      | Learned a level 2 spell: Throw Flame
  2190 | D:2      | Found a basalt altar of Yredelemnul.
  2192 | D:2      | Noticed a profane servitor
  2209 | D:2      | Found a glowing golden altar of the Shining One.
  2211 | D:2      | Noticed an angel
  2922 | D:3      | Found a snail-covered altar of Cheibriados.
  2925 | D:3      | Reached XP level 4. HP: 24/24 MP: 4/7
  3587 | D:3      | Found a faded altar of an unknown god.
  3688 | D:3      | Reached skill level 4 in Fire Magic
  3688 | D:3      | Reached XP level 5. HP: 20/28 MP: 0/9
  3883 | D:3      | Learned a level 4 spell: Sticky Flame
  4372 | D:3      | Found a runed door.
  5025 | D:4      | Noticed an ogre
  5038 | D:4      | Killed an ogre
  5038 | D:4      | Reached skill level 1 in Fighting
  5038 | D:4      | Reached XP level 6. HP: 34/34 MP: 6/11
  5645 | D:4      | Noticed a slave
  5645 | D:4      | Noticed a slave
  5872 | D:4      | Noticed a slave
  5872 | D:4      | Noticed a slave
  5873 | D:4      | Noticed Pikel
  7261 | D:4      | Reached XP level 7. HP: 39/39 MP: 6/13
  7354 | D:4      | Killed Pikel
  7354 | D:4      | Reached skill level 5 in Fire Magic
  7354 | D:4      | Reached XP level 8. HP: 31/45 MP: 1/14
  7455 | D:4      | Learned a level 5 spell: Fireball
  7933 | D:4      | Noticed an Executioner
  7934 | D:4      | Found a burning altar of Makhleb.
  7943 | D:4      | Found a glowing silver altar of Zin.
  7943 | D:4      | Noticed an angel
  8255 | D:5      | Entered Level 5 of the Dungeon
  8861 | D:5      | Reached skill level 6 in Fire Magic
  9359 | D:5      | Reached skill level 5 in Spellcasting
  9359 | D:5      | Reached skill level 5 in Conjurations
  9842 | D:5      | Noticed Menkaure
  9851 | D:5      | Killed Menkaure
 10173 | D:5      | Reached XP level 9. HP: 52/52 MP: 12/16
 10866 | D:6      | Reached skill level 7 in Fire Magic
 10904 | D:6      | Found a radiant altar of Vehumet.
 10917 | D:6      | Became a worshipper of Vehumet
 11472 | D:6      | Noticed Edmund
 11616 | D:6      | Killed Edmund
 12073 | D:6      | Found a runed door.
 12073 | D:6      | Noticed trianova's ghost (novice DDFi)
 12755 | D:6      | HP: 1/52 [trianova's ghost (6)]
 12771 | D:6      | Slain by trianova's ghost

Skill      XL: |  1  2  3  4  5  6  7  8  9 |
---------------+----------------------------+-----
Conjurations   | 2 3 4 5 |  5.9
Spellcasting   | 3 4 5 6 |  6.1
Fire Magic     | 4 5 6 7 |  7.2
Fighting       | 1 2 4 |  4.6
Dodging        | 2 3 |  3.6
Stealth        | 3 |  3.7
Polearms       | |  0.3
Armour         | |  0.2

Action                   |  1- 3 |  4- 6 |  7- 9 || total
-------------------------+-------+-------+-------++-------
Melee: Mace              |    29 |    35 |     2 ||    66
       Unarmed           |     2 |       |       ||     2
       War axe           |       |    10 |       ||    10
       Whip              |       |       |   135 ||   135
       Halberd           |       |       |    88 ||    88
       Dagger            |       |       |    92 ||    92
       Flail             |       |       |    16 ||    16
Throw: Stone             |       |     9 |       ||     9
 Cast: Flame Tongue      |    55 |    59 |   110 ||   224
       Throw Flame       |     2 |    51 |    59 ||   112
       Conjure Flame     |       |     8 |     9 ||    17
  Use: Scroll            |     1 |     8 |     5 ||    14
       Potion            |       |     1 |     1 ||     2
 Stab: Distracted        |       |     1 |       ||     1
  Eat: Chunk             |     2 |     4 |     9 ||    15
       Ration            |     2 |     3 |     3 ||     8
Armor: Robe              |    32 |       |    45 ||    77
       Leather armour    |     2 |    51 |     2 ||    55
       Scale mail        |       |       |   155 ||   155
Dodge: Dodged            |    61 |    77 |   209 ||   347
